 Dungeon Crawl Stone Soup version 0.28.0-53-g5a82cb258f (webtiles) character file.

Game seed: 16555096023314833249

102 jamesp the Conjurer (level 4, -1/33 HPs)
             Began as a Draconian Conjurer on Aug 2, 2022.
             Slain by a gnoll
             ... wielding a +0 halberd
              (12 damage)
             ... on level 3 of the Dungeon.
             The game lasted 00:08:16 (3415 turns).

jamesp the Conjurer (Draconian Conjurer)            Turns: 3415, Time: 00:08:17

Health: -1/33      AC:  5    Str: 10    XL:     4   Next: 49%
Magic:  8/8        EV: 12    Int: 18    God:
Gold:   110        SH:  0    Dex: 11    Spells: 8/9 levels left

rFire   . . .      SeeInvis .   k - +2 falchion (elec)
rCold   . . .      Faith    .   (no shield)
rNeg    . . .      Spirit   .   (armour unavailable)
rPois   .          Reflect  .   (helmet restricted)
rElec   .          Harm     .   (no cloak)
rCorr   .          Rampage  .   (no gloves)
Will    .....                   (no boots)
Stlth   ++........              (no amulet)
HPRegen 0.11/turn               (no ring)
MPRegen 0.11/turn               (no ring)

@: no status effects
A: AC +5, unfitting armour, cold-blooded
a: no special abilities


You were on level 3 of the Dungeon.
You visited 1 branch of the dungeon, and saw 3 of its levels.

You collected 110 gold pieces.

Inventory:

Hand Weapons
 f - a +0 whip
 k - a +2 falchion of electrocution (weapon)
Missiles
 c - 102 stones
 d - 5 poisoned darts
 i - 60 arrows
 m - 21 sling bullets
 n - 11 bolts
Scrolls
 a - 2 scrolls of teleportation {unknown}
 b - a scroll of brand weapon {unknown}
 e - 2 scrolls of fear {unknown}
 j - 3 scrolls of fog {unknown}
 l - a scroll of vulnerability {unknown}
Potions
 g - 3 potions of lignification {unknown}
 h - a potion of brilliance {unknown}
 o - a potion of curing {unknown}
 p - a potion of mutation {unknown}
 q - a potion of degeneration {unknown}


   Skills:
 + Level 2.8 Dodging
 - Level 1.7 Stealth
 + Level 3.0 Spellcasting
 + Level 4.7 Conjurations


You had 8 spell levels left.
You knew the following spells:

 Your Spells              Type           Power      Damage    Failure   Level
a - Magic Dart            Conj           76%        1d6       2%          1

Your spell library contained the following spells:

 Spells                   Type           Power      Damage    Failure   Level
 Searing Ray              Conj           38%        2d5       3%          2
 Dazzling Flash           Conj/Hex       22%        N/A       19%         3
 Gell's Gravitas          Tloc           2%         N/A       43%         3
 Teleport Other           Tloc           2%         N/A       43%         3
 Fulminant Prism          Conj/Hex       5%         3d7       52%         4
 Iskenderun's Mystic Bla  Conj/Tloc      11%        2d4       52%         4
 Dispersal                Tloc           1%         N/A       100%        6


Dungeon Overview and Level Annotations

Branches:
Dungeon (3/15)

Altars:


Innate Abilities, Weirdness & Mutations

Your plain brown scales are hard. (AC +5)
You cannot fit into any form of body armour.
You are cold-blooded and may be slowed by cold attacks.


Message History

There is a stone staircase leading down here.
You climb downwards.
There is a stone staircase leading up here.
You see here a +0 dagger.
A gnoll shaman comes into view. It is wielding a +0 whip.
Aiming: Magic Dart (safe; 2% risk of failure)
Press: ? - help, Q - select action, (/) - cycle Shift-Dir - straight line, f - gnoll shaman
Aim: a gnoll shaman, wielding a +0 whip and wearing a +0 leather armour (100% to hit)
The magic dart hits the gnoll shaman.
The gnoll shaman is lightly wounded.
Aiming: Magic Dart (safe; 2% risk of failure)
Press: ? - help, Q - select action, (/) - cycle Shift-Dir - straight line, f/p - gnoll shaman
Aim: a gnoll shaman, wielding a +0 whip and wearing a +0 leather armour (lightly wounded, 100% to hit)
The magic dart hits the gnoll shaman.
The gnoll shaman is lightly wounded.
Aiming: Magic Dart (safe; 2% risk of failure)
Press: ? - help, Q - select action, (/) - cycle Shift-Dir - straight line, f/p - gnoll shaman
Aim: a gnoll shaman, wielding a +0 whip and wearing a +0 leather armour (lightly wounded, 100% to hit)
The magic dart hits the gnoll shaman.
The gnoll shaman is moderately wounded.
You slash the gnoll shaman!
The gnoll shaman is heavily wounded.
The gnoll shaman hits you with a +0 whip.
The gnoll shouts!
You hit the gnoll shaman but do no damage.
The gnoll shaman is heavily wounded.
The gnoll shaman barely misses you. The gnoll shaman misses you.
The gnoll shaman calls upon its god to speed up the gnoll.
The gnoll seems to speed up.
The gnoll hits you from afar with a +0 halberd!
The gnoll misses you.
The gnoll hits you from afar with a +0 halberd!
The gnoll completely misses you. The gnoll completely misses you.
The gnoll hits you from afar with a +0 halberd.
The gnoll closely misses you.
There is a stone staircase leading up here.
The gnoll hits you from afar with a +0 halberd.
The gnoll hits you from afar with a +0 halberd!
You die...

### #..#######.#.#
#.#
#######>.....gg.#.#
#.#
##....############.#
#.#
.................#.#
#.#
##....##########.#.#
#.# #....#
####.#g### #.#
#....#
#....g...###.#
#....#
#...)....'...#
#....#
#...@....#####
#....# #...)....#
#....# #........#
#....# #........#
###### #........#
#........#
#........#
#........#
#........#


You could see a gnoll shaman and a gnoll (fast).

Vanquished Creatures
  3 gnolls
  3 dart slugs
  2 worms (D:3)
  An orc (D:3)
  7 endoplasms
  12 giant cockroaches
  4 goblins (D:3)
  3 hobgoblins
  4 jackals (D:3)
  A quokka (D:1)
  4 ball pythons
  4 bats
  A kobold (D:1)
  6 rats
55 creatures vanquished.

Notes
Turn   | Place    | Note
-------+----------+-------------------------------------------
     0 | D:1      | jamesp the Draconian Conjurer began the quest for the Orb.
     0 | D:1      | Reached XP level 1. HP: 14/14 MP: 3/3
   478 | D:1      | Reached XP level 2. HP: 20/20 MP: 0/5
   867 | D:1      | Found a faded altar of an unknown god.
  1271 | D:1      | Reached XP level 3. HP: 18/26 MP: 0/6
  2665 | D:3      | Reached XP level 4. HP: 33/33 MP: 2/8
  3415 | D:3      | Slain by a gnoll

Illustrated notes

Levels and vault maps discovered:
D:1:      nzn_arrival_settlement, layout_basic, chequers_ecumenical_altar_grove,
          minmay_misc_feat_doors, nicolae_grassy_gnolls
D:2:      minmay_roachtagon, layout_basic, item_on_display_a
D:3:      minmay_chambers_of_twos, layout_basic

Skill      XL: |  1  2  3  4 |
---------------+-------------+-----
Dodging        | 2 |  2.8
Spellcasting   | 3 |  3.0
Stealth        | |  1.7
Conjurations   | |  4.7

Action                   |  1- 3 |  4- 6 || total
-------------------------+-------+-------++-------
Melee: Whip              |   105 |       ||   105
       Tailslap          |    20 |     1 ||    21
       Falchion          |    18 |    18 ||    36
       Punch             |     2 |       ||     2
 Cast: Magic Dart        |    49 |    24 ||    73
 Stab: Sleeping          |     1 |       ||     1
Armor: Skin              |    51 |     9 ||    60
Dodge: Dodged            |    70 |    15 ||    85
